AoeStats
← WARChris

Lombardia

509206768Analyzed
2v2 RM · 5d ago on Sep 25, 2026· 68m 12s· 4 players
Game mode
Random Map
Map size
Medium (4 player)
Population
200
Speed
Normal
Resources
Standard
Victory
Conquest
Starting age
Dark Age
Ending age
Imperial Age
RankedLock teamsTeams togetherTeam positionsShared explorationLock speedFull tech treeHidden civsTurbo modeCheats
Victory
Defeat
🇩🇪 Georgians · Germany
1795
+11
🇩🇪 Persians · Germany
1788
+12
🇷🇺 Bengalis · Russia
1757
-14
🇷🇺 Vietnamese · Russia
1631
-9
Lukas_AoE
8:04 Loom
9:49 Feudal Age
14:48 Castle Age
13:13 Fletching
16:07 Bodkin Arrow
17:19 Husbandry
20:58 Padded Archer Armor
26:10 Bloodlines
26:17 Leather Archer Armor
28:00 Wheelbarrow
27:13 Double-Bit Axe
27:18 Horse Collar
31:55 Imperial Age
29:18 Town Watch
31:13 Bow Saw
31:04 Heavy Plow
30:55 Gold Mining
30:57 Stone Mining
32:19 Ballistics
33:00 Bracer
34:02 Chemistry
34:39 Hand Cart
36:47 Heavy Cavalry Archer
39:40 Parthian Tactics
39:53 Stone Shaft Mining
39:49 Crop Rotation
39:29 Guard Tower
39:25 Arrowslits
39:51 Masonry
39:21 Treadmill Crane
42:01 Keep
41:56 Architecture
42:41 Town Patrol
42:55 Siege Engineers
42:46 Murder Holes
43:02 Fortified Wall
44:07 Caravan
45:00 Svan Towers
45:01 Aznauri Cavalry
50:30 Guilds
53:22 Scale Barding Armor
53:28 Forging
54:01 Onager
54:59 Capped Ram
56:13 Chain Barding Armor
56:28 Iron Casting
55:36 Light Cavalry
56:20 Siege Onager
56:21 Siege Ram
61:32 Plate Barding Armor
63:31 Blast Furnace
WARChris
8:10 Feudal Age
13:21 Double-Bit Axe
19:18 Castle Age
17:38 Horse Collar
17:50 Gold Mining
18:17 Bloodlines
18:40 Scale Barding Armor
20:06 Chain Barding Armor
21:04 Husbandry
21:22 Bow Saw
22:05 Loom
24:06 Heavy Plow
26:03 Forging
28:26 Devotion
31:11 Wheelbarrow
36:35 Imperial Age
35:31 Iron Casting
35:30 Hand Cart
36:22 Cavalier
37:41 Plate Barding Armor
37:27 Heavy Camel Rider
39:39 Blast Furnace
39:44 Pikeman
40:43 Scale Mail Armor
40:23 Halberdier
42:46 Chain Mail Armor
41:53 Light Cavalry
43:28 Squires
44:09 Hussar
44:50 Town Watch
45:37 Plate Mail Armor
44:58 Fletching
46:10 Chemistry
45:49 Crop Rotation
45:24 Caravan
46:20 Coinage
46:16 Arson
47:49 Savar
49:52 Conscription
50:54 Hoardings
55:29 Two-Man Saw
56:21 Padded Archer Armor
57:14 Capped Ram
58:24 Siege Ram
Dark
10:19 Feudal Age
10:30 Loom
14:03 Castle Age
12:18 Double-Bit Axe
12:50 Horse Collar
16:53 Bow Saw
23:12 Wheelbarrow
24:10 Fletching
27:42 Bodkin Arrow
29:40 Heavy Plow
29:56 Town Watch
33:37 Imperial Age
32:15 Hand Cart
33:28 Scale Barding Armor
33:34 Forging
33:25 Husbandry
33:35 Bloodlines
34:41 Conscription
34:28 Gold Mining
35:38 Chain Barding Armor
35:17 Elite Battle Elephant
36:43 Iron Casting
37:41 Plate Barding Armor
40:06 Fortified Wall
42:03 Blast Furnace
41:09 Paiks
43:31 Gold Shaft Mining
43:27 Caravan
44:02 Coinage
43:53 Elite Elephant Archer
44:35 Padded Archer Armor
44:36 Bracer
46:09 Banking
46:50 Chemistry
46:33 Leather Archer Armor
49:39 Ring Archer Armor
50:45 Elite Skirmisher
53:23 Imperial Skirmisher
55:58 Town Patrol
62:10 Two-Man Saw
3D!Beell
9:10 Feudal Age
9:40 Double-Bit Axe
9:50 Horse Collar
12:27 Loom
14:51 Fletching
21:29 Castle Age
20:19 Padded Archer Armor
21:47 Crossbowman
31:10 Wheelbarrow
31:59 Bow Saw
32:37 Heavy Plow
33:50 Gold Mining
35:09 Stone Mining
36:15 Bodkin Arrow
39:50 Scale Mail Armor
42:43 Imperial Age
41:07 Treadmill Crane
43:08 Town Watch
42:45 Pikeman
43:48 Squires
45:33 Hand Cart
46:51 Chemistry
47:39 Paper Money
47:20 Halberdier
48:50 Stone Shaft Mining
49:19 Two-Man Saw
48:56 Crop Rotation
47:53 Elite Skirmisher
48:50 Murder Holes
49:07 Caravan
50:18 Leather Archer Armor
50:15 Arson
50:34 Bracer
51:27 Guilds
51:01 Imperial Skirmisher
51:56 Masonry
52:02 Masonry
53:14 Ring Archer Armor
54:27 Ballistics
55:10 Thumb Ring
55:22 Chain Mail Armor
55:20 Forging
56:11 Siege Engineers
56:37 Plate Mail Armor
56:19 Forging
58:16 Fortified Wall
60:09 Iron Casting
60:50 Bombard Tower
61:22 Town Patrol
63:37 Coinage
68:15 Banking
Connection lost

Rejoining the realm…

Still unreachable

The connection could not be restored.

Session expired

The server has moved on; the page needs a fresh start.